 Dungeon Crawl Stone Soup version 0.30-a0-165-g1891117ce2 (webtiles) character file.

Game seed: 17334859754432899642

27725 qw the Cleaver (level 13, -1/82 HPs)
             Began as a Gargoyle Fighter on Sept 28, 2022.
             Was an Elder of Okawaru.
             Slain by a black mamba (11 damage)
             ... on level 4 of the Lair of Beasts.
             The game lasted 00:05:30 (16083 turns).

qw the Cleaver (Gargoyle Fighter)                  Turns: 16083, Time: 00:05:31

Health: -1/82      AC: 32    Str: 23    XL:     13   Next: 34%
Magic:  18/20      EV: 13    Int: 11    God:    Okawaru [****..]
Gold:   889        SH:  6    Dex:  9    Spells: 12/12 levels left

rFire   . . .      SeeInvis +    g - +0 morningstar
rCold   . . .      Faith    .    c - +0 buckler
rNeg    + . .      Spirit   .    a - +0 plate armour
rPois   inf        Reflect  .    w - +0 helmet
rElec   +          Harm     .    (no cloak)
rCorr   .          Rampage  .    k - +1 pair of gloves
Will    .....                    b - +0 pair of boots
Stlth   ..........               (no amulet)
HPRegen 0.23/turn                h - ring of see invisible
MPRegen 0.17/turn                p - +4 ring of evasion

@: about to teleport, heroic
A: sickness immunity, AC +9, negative energy resistance 1, electricity
resistance, torment resistance 1, petrification resistance
a: Renounce Religion, Heroism, Finesse


You were on level 4 of the Lair of Beasts.
You worshipped Okawaru.
Okawaru was greatly pleased with you.
You visited 3 branches of the dungeon, and saw 16 of its levels.

You collected 889 gold pieces.


Innate Abilities, Weirdness & Mutations

You are immune to sickness and miasma.
Your stone body is resilient. (AC +9)
You are immune to poison.
You resist negative energy. (rN+)
You are resistant to electric shocks. (rElec)
You are resistant to unholy torment.
You are immune to petrification.


   Skills:
 - Level 10.1(15.1) Fighting
 - Level 13.4(18.4) Axes
 + Level 4.8(9.8) Throwing
 - Level 10.1(15.1) Armour
 - Level 2.0(7.0) Dodging
 - Level 6.3(11.3) Shields
 - Level 10.0 Invocations


You had 12 spell levels left.
You didn't know any spells.
Your spell library was empty.

Inventory:

Hand Weapons
 g - a +0 morningstar (weapon)
 Y - a +3 war axe of venom
Missiles
 v - a silver javelin (quivered)
 x - a javelin
Armour
 a - a +0 plate armour (worn)
 b - a +0 pair of boots (worn)
 c - a +0 buckler (worn)
 k - a +1 pair of gloves (worn)
 u - the +3 hat of Pondering {ponderous, Will+ MP+10 Int+5}
   (You found it on level 3 of the Lair of Beasts)

   Int:       It affects your intelligence (+5).
   MP:        It affects your magic capacity (+10).
   Will:      It increases your willpower.
 w - a +0 helmet (worn)
Jewellery
 h - a ring of see invisible (left hand)
 p - a +4 ring of evasion (right hand)
 q - a +6 ring of strength
Scrolls
 f - 8 scrolls of identify
 m - 5 scrolls of teleportation
Potions
 d - 2 potions of might
 e - 7 potions of heal wounds
 i - 7 potions of curing
 j - a potion of magic
 l - a potion of haste
 n - 2 potions of lignification
 o - 3 potions of attraction
 r - a potion of cancellation
 s - 3 potions of resistance
 t - 3 potions of mutation

Dungeon Overview and Level Annotations

Branches:
Dungeon (10/15)            Temple (1/1) D:4            Lair (5/5) D:10
 Shoals (0/4) Lair:3       Spider (0/4) Lair:2
  Slime: Lair:4-5       Orc: D:9-12

Altars:
Ashenzari
Cheibriados
Dithmenos
Elyvilon
Fedhas
Gozag
Hepliaklqana
Kikubaaqudgha
Makhleb
Nemelex Xobeh
Okawaru
Qazlal
Ru
Sif Muna
Trog
Uskayaw
Vehumet
Wu Jian
Xom
Yredelemnul
Zin
The Shining One

Annotations:
D:3 1 runed translucent door, qw's ghost, amateur GrFi
D:7 3 runed translucent doors, qw's ghost, amateur GrFi
Lair:2 2 transporters, Gastronok


Message History

You block the polar bear's attack. x2; The polar bear closely misses you.
The eight-headed hydra bites you but does no damage.
The eight-headed hydra bites you! x2
The eight-headed hydra bites you but does no damage. x2
The eight-headed hydra completely misses you.
The eight-headed hydra bites you!
The eight-headed hydra bites you but does no damage.
16080 ||| SWAPPING to +0 morningstar.
Your +3 war axe of venom stops dripping with poison.
g - a +0 morningstar (weapon)
You block the black mamba's attack. You block the cane toad's attack.
The polar bear bites you but does no damage.
The polar bear claws you but does no damage. x2
The eight-headed hydra bites you but does no damage.
The eight-headed hydra closely misses you.
The eight-headed hydra bites you but does no damage.
The eight-headed hydra barely misses you.
The eight-headed hydra bites you.
The eight-headed hydra bites you but does no damage.
You block the eight-headed hydra's attack.
The eight-headed hydra closely misses you.
You impale the cane toad!!
The cane toad is severely wounded.
You block the black mamba's attack. The cane toad misses you.
The black mamba bites you but does no damage.
You barely miss the cane toad.
The cane toad is severely wounded.
You block the polar bear's attack. The polar bear closely misses you.
The polar bear claws you but does no damage.
The eight-headed hydra bites you but does no damage. x3
The eight-headed hydra bites you!
The eight-headed hydra closely misses you.
The eight-headed hydra bites you but does no damage.
The eight-headed hydra bites you. The eight-headed hydra bites you!
The black mamba closely misses you. You block the cane toad's attack.
16083 ||| READING 6 scrolls of teleportation.
As you read the scroll of teleportation, it crumbles to dust.
You feel strangely unstable. The black mamba bites you!
You die...

####### #########
###.#.P.####P#.##..###
.....................#
P#...#.......##.#.##.#
###P###....####..###.#
######P....# ##..##P.#
....###....# #.F.S...##
...........# #.h@#P#..#
#..(.##....# ###D###..#
#...##.....### #.##..##
##.#.PPP...#P###...#..##
.....................#.#
.....................###
......................#
................[....##
.....................#


You could see an eight-headed hydra, a polar bear, a black mamba and a cane
toad.

Vanquished Creatures
  2 catoblepae
  2 hydras
  A two-headed ogre (D:9)
  A boulder beetle (Lair:2)
  Erica (D:8)
  4 death yaks (Lair:4)
  A deep elf pyromancer (D:10)
  A merfolk siren (Lair:3)
  5 elephants (Lair:4)
  2 black mambas
  8 cane toads
  2 rime drakes
  5 komodo dragons
  A queen bee (Lair:2)
  3 polar bears (Lair:2)
  Grinder (D:6)
  12 blink frogs
  A culicivora (Lair:2)
  A basilisk (Lair:2)
  25 yaks
  A wyvern (D:9)
  A steam dragon (Lair:2)
  8 water moccasins
  2 ice beasts (D:6)
  3 orc warriors
  2 ogres
  2 sky beasts
  2 centaurs
  5 wolves (Lair:2)
  2 phantoms
  6 kobold brigands
  5 bullfrogs
  Blork the orc (D:5)
  A gnoll sergeant (D:9)
  A necrophage (D:4)
  3 scorpions
  5 wights (D:7)
  33 killer bees
  8 howler monkeys
  3 electric eels (Lair:3)
  4 hounds
  A jelly (D:5)
  2 gnoll boudas (D:8)
  8 orc priests
  4 iguanas
  Ijyb (D:3)
  7 orc wizards
  2 hell rats (Lair:4)
  16 gnolls
  6 adders
  6 river rats (Lair:4)
  A shadow imp (D:8)
  An ufetubus (D:6)
  A worm (D:2)
  2 dart slugs (D:4)
  37 orcs
  4 ball pythons
  5 bats
  5 endoplasms
  2 giant cockroaches (D:2)
  13 goblins
  3 hobgoblins
  3 jackals (D:3)
  4 quokkas
  6 frilled lizards
  38 kobolds
  7 rats
362 creatures vanquished.

Vanquished Creatures (others)
  18 fungi
  31 plants
49 creatures vanquished.

Grand Total: 411 creatures vanquished

Notes
Turn   | Place    | Note
-------+----------+-------------------------------------------
     0 | D:1      | qw the Gargoyle Fighter began the quest for the Orb.
     0 | D:1      | Reached XP level 1. HP: 14/14 MP: 1/1
     0 | D:1      | 0 ||| qw: Version: 0.2-a-12-gaebbb33
     0 | D:1      | 0 ||| qw: Game counter: 926
     0 | D:1      | 0 ||| qw: Always use a shield: true
     0 | D:1      | 0 ||| qw: God list: Okawaru
     0 | D:1      | 0 ||| qw: Allow faded altars: false
     0 | D:1      | 0 ||| qw: Do Orc after D:15 true
     0 | D:1      | 0 ||| qw: Do second Lair branch before Depths: true
     0 | D:1      | 0 ||| qw: Lair rune preference: random
     0 | D:1      | 0 ||| qw: Plans: Normal, Zot:1-4, God:TSO, Crypt, Tomb,
                  | Pan, Slime:5, Hells, Abyss, Orb
     0 | D:1      | 0 ||| PLANNING D:1-11
   134 | D:1      | Reached skill level 2 in Axes
   338 | D:1      | Reached XP level 2. HP: 19/19 MP: 2/2
   350 | D:1      | 350 ||| Stepping ~*~*~tactically~*~*~ (stealth).
   795 | D:1      | 795 ||| Stepping ~*~*~tactically~*~*~ (stealth).
  1073 | D:1      | 1073 ||| UPGRADING to +0 pair of gloves.
  1078 | D:1      | 1078 ||| UPGRADING to ring of see invisible.
  1079 | D:1      | 1079 ||| READING 2 scrolls labelled BIASED TOKHLEA.
  1083 | D:1      | 1083 ||| READING scroll labelled AZXOPL EWKUYGHINWO.
  1084 | D:1      | 1084 ||| READING scroll labelled FUZUTI IPSUJU.
  1122 | D:2      | Identified the +3 leather armour "Igufaol" {rElec Will-
                  | Regen+ SInv}
  1197 | D:2      | 1197 ||| Stepping ~*~*~tactically~*~*~ (stealth).
  1198 | D:2      | 1198 ||| Stepping ~*~*~tactically~*~*~ (stealth).
  1206 | D:2      | Reached skill level 3 in Axes
  1267 | D:2      | 1267 ||| Stepping ~*~*~tactically~*~*~ (stealth).
  1276 | D:2      | Reached XP level 3. HP: 14/23 MP: 3/3
  1345 | D:2      | 1345 ||| Stepping ~*~*~tactically~*~*~ (stealth).
  1475 | D:2      | 1475 ||| Stepping ~*~*~tactically~*~*~ (stealth).
  1863 | D:2      | Found a faded altar of an unknown god.
  1970 | D:2      | 1970 ||| DROPPING +2 ring mail of poison resistance.
  1971 | D:2      | 1971 ||| UPGRADING to +4 ring of evasion.
  1972 | D:2      | 1972 ||| READING scroll labelled ODIDYN CEMN.
  1973 | D:2      | 1973 ||| DRINKING 3 metallic emerald potions.
  2023 | D:3      | Noticed a centaur
  2024 | D:3      | 2024 ||| Stepping ~*~*~tactically~*~*~ (hiding).
  2028 | D:3      | Killed a centaur
  2029 | D:3      | Reached skill level 4 in Axes
  2029 | D:3      | Reached XP level 4. HP: 24/28 MP: 4/4
  2029 | D:3      | Reached XP level 5. HP: 28/32 MP: 5/5
  2291 | D:3      | Found a runed translucent door.
  2297 | D:3      | Noticed qw's ghost (amateur GrFi)
  2462 | D:3      | 2462 ||| Stepping ~*~*~tactically~*~*~ (hiding).
  2608 | D:3      | Noticed Ijyb
  2609 | D:3      | 2609 ||| Stepping ~*~*~tactically~*~*~ (stealth).
  2615 | D:3      | Paralysed by Ijyb for 2 turns
  2628 | D:3      | Paralysed by Ijyb for 2 turns
  2637 | D:3      | Paralysed by Ijyb for 2 turns
  2642 | D:3      | Killed Ijyb
  2643 | D:3      | Reached skill level 5 in Axes
  2861 | D:3      | 2861 ||| Stepping ~*~*~tactically~*~*~ (stealth).
  2863 | D:3      | 2863 ||| Stepping ~*~*~tactically~*~*~ (stealth).
  2916 | D:3      | 2916 ||| Stepping ~*~*~tactically~*~*~ (stealth).
  2926 | D:3      | 2926 ||| DROPPING +0 mace.
  3065 | D:3      | 3065 ||| Stepping ~*~*~tactically~*~*~ (stealth).
  3112 | D:3      | 3112 ||| UPGRADING to +0 chain mail.
  3122 | D:3      | 3122 ||| DROPPING +0 scale mail.
  3123 | D:3      | 3123 ||| READING 2 scrolls labelled TIJOJO VUADESS.
  3124 | D:3      | 3124 ||| READING scroll labelled AQEOCI ECIGAU.
  3125 | D:3      | 3125 ||| DRINKING 2 fuming dark potions.
  3126 | D:3      | 3126 ||| DRINKING 2 pink potions.
  3127 | D:3      | 3127 ||| DRINKING 2 metallic pink potions.
  3149 | D:3      | 3149 ||| READING 3 scrolls of identify.
  3149 | D:3      | 3149 ||| IDENTIFYING coppery potion
  3150 | D:3      | 3150 ||| READING 2 scrolls of identify.
  3150 | D:3      | 3150 ||| IDENTIFYING fuming ruby potion
  3151 | D:3      | 3151 ||| DROPPING potion of magic.
  3152 | D:3      | 3152 ||| DROPPING potion of ambrosia.
  3153 | D:3      | 3153 ||| DROPPING scroll of noise.
  3242 | D:4      | Noticed a phantom
  3248 | D:4      | Reached XP level 6. HP: 32/38 MP: 6/6
  3461 | D:4      | 3461 ||| SWAPPING to +1 war axe of venom.
  3462 | D:4      | 3462 ||| DROPPING +0 war axe.
  3609 | D:4      | Reached skill level 6 in Axes
  3707 | D:4      | 3707 ||| Stepping ~*~*~tactically~*~*~ (hiding).
  3708 | D:4      | 3708 ||| Stepping ~*~*~tactically~*~*~ (hiding).
  3711 | D:4      | Found a white marble altar of Elyvilon.
  3868 | D:4      | Found a staircase to the Ecumenical Temple.
  3878 | D:4      | 3878 ||| PLANNING TEMPLE
  3885 | D:4      | Reached skill level 1 in Dodging
  3885 | D:4      | Reached XP level 7. HP: 41/43 MP: 7/7
  3895 | D:4      | 3895 ||| UPGRADING to +0 pair of boots.
  3900 | D:4      | 3900 ||| READING scroll labelled JAEFAE NOTY.
  3923 | D:4      | 3923 ||| READING 3 scrolls of identify.
  3923 | D:4      | 3923 ||| IDENTIFYING fuming blue potion
  3924 | D:4      | 3924 ||| READING 2 scrolls of identify.
  3924 | D:4      | 3924 ||| IDENTIFYING bubbling sapphire potion
  3932 | Temple   | Entered the Ecumenical Temple
  4064 | Temple   | 4064 ||| PLANNING D:1-11
  4142 | D:4      | 4142 ||| Stepping ~*~*~tactically~*~*~ (stealth).
  4144 | D:4      | 4144 ||| Stepping ~*~*~tactically~*~*~ (stealth).
  4147 | D:4      | 4147 ||| Stepping ~*~*~tactically~*~*~ (stealth).
  4342 | D:4      | 4342 ||| Stepping ~*~*~tactically~*~*~ (stealth).
  4345 | D:4      | 4345 ||| READING scroll labelled LEL NOOR JYIFA.
  4346 | D:4      | 4346 ||| READING scroll labelled ARCHOSS RI VATARR.
  4347 | D:4      | 4347 ||| READING scroll of teleportation.
  4384 | D:4      | Found a stormy altar of Qazlal.
  4384 | D:4      | Found a broken altar of Ashenzari.
  4534 | D:4      | 4534 ||| Stepping ~*~*~tactically~*~*~ (stealth).
  4554 | D:4      | 4554 ||| Stepping randomly (stuck).
  4555 | D:4      | 4555 ||| Stepping randomly (stuck).
  4556 | D:4      | 4556 ||| Stepping randomly (stuck).
  4557 | D:4      | 4557 ||| Stepping randomly (stuck).
  4558 | D:4      | 4558 ||| Stepping randomly (stuck).
  4593 | D:4      | Reached skill level 7 in Axes
  4720 | D:5      | Entered Level 5 of the Dungeon
  4721 | D:5      | 4721 ||| STAIRDANCE
  4729 | D:4      | 4729 ||| DROPPING +1 whip of venom.
  4733 | D:5      | 4733 ||| STAIRDANCE
  4772 | D:5      | 4772 ||| DROPPING +0 flail.
  4917 | D:5      | Noticed Blork the orc
  4918 | D:5      | 4918 ||| Stepping ~*~*~tactically~*~*~ (hiding).
  4919 | D:5      | 4919 ||| Stepping ~*~*~tactically~*~*~ (hiding).
  4920 | D:5      | 4920 ||| Stepping ~*~*~tactically~*~*~ (hiding).
  4927 | D:5      | Killed Blork the orc
  4928 | D:5      | Reached XP level 8. HP: 49/49 MP: 8/8
  5214 | D:5      | 5214 ||| Stepping ~*~*~tactically~*~*~ (stealth).
  5219 | D:5      | 5219 ||| Stepping ~*~*~tactically~*~*~ (stealth).
  5275 | D:5      | Found an iron altar of Okawaru.
  5276 | D:5      | 5276 ||| PLANNING OKAWARU WORSHIP
  5276 | D:5      | 5276 ||| UPGRADING to +0 plate armour.
  5286 | D:5      | 5286 ||| DROPPING +3 leather armour "Igufaol" {rElec Will-
                  | Regen+ SInv}.
  5287 | D:5      | 5287 ||| DROPPING +0 chain mail.
  5288 | D:5      | 5288 ||| DROPPING +6 ring of dexterity.
  5297 | D:5      | Became a worshipper of Warmaster Okawaru
  5298 | D:5      | 5298 ||| PLANNING D:1-11
  5691 | D:6      | 5691 ||| Stepping ~*~*~tactically~*~*~ (stealth).
  5722 | D:6      | Noticed Grinder
  5731 | D:6      | Killed Grinder
  5732 | D:6      | Reached skill level 6 in Armour
  5870 | D:6      | Reached * piety under Okawaru
  6003 | D:6      | 6003 ||| INVOKING Heroism.
  6008 | D:6      | 6008 ||| Stepping ~*~*~tactically~*~*~ (stealth).
  6010 | D:6      | 6010 ||| Stepping ~*~*~tactically~*~*~ (stealth).
  6011 | D:6      | 6011 ||| Stepping ~*~*~tactically~*~*~ (stealth).
  6014 | D:6      | 6014 ||| INVOKING Heroism.
  6020 | D:6      | Reached skill level 8 in Axes
  6020 | D:6      | Reached skill level 1 in Invocations
  6337 | D:6      | Reached XP level 9. HP: 49/54 MP: 8/10
  6391 | D:6      | 6391 ||| INVOKING Heroism.
  6481 | D:6      | 6481 ||| INVOKING Heroism.
  6522 | D:6      | Reached skill level 6 in Fighting
  6522 | D:6      | Reached skill level 3 in Invocations
  6934 | D:6      | 6934 ||| READING scroll labelled ZUTHRA QOAHEGG.
  6935 | D:6      | 6935 ||| READING scroll labelled OHEHUA YREUVI.
  6936 | D:6      | 6936 ||| READING scroll labelled JUINAE ZEITIHO.
  7037 | D:6      | 7037 ||| DRINKING 2 metallic purple potions.
  7038 | D:6      | 7038 ||| READING 3 scrolls of identify.
  7038 | D:6      | 7038 ||| IDENTIFYING blue potion
  7229 | D:7      | Found a runed translucent gate.
  7229 | D:7      | Found a runed translucent gate.
  7229 | D:7      | Found a runed translucent gate.
  7329 | D:7      | 7329 ||| INVOKING Heroism.
  7358 | D:7      | 7358 ||| FLEEEEING.
  7359 | D:7      | 7359 ||| FLEEEEING.
  7364 | D:7      | 7364 ||| INVOKING Heroism.
  7369 | D:7      | 7369 ||| Stepping ~*~*~tactically~*~*~ (stealth).
  7375 | D:7      | Reached skill level 9 in Axes
  7376 | D:7      | 7376 ||| Stepping ~*~*~tactically~*~*~ (stealth).
  7509 | D:7      | Noticed qw's ghost (amateur GrFi)
  7968 | D:7      | 7968 ||| READING scroll labelled ARAXKA GUKH.
  8027 | D:8      | 8027 ||| Stepping ~*~*~tactically~*~*~ (hiding).
  8155 | D:8      | 8155 ||| Stepping ~*~*~tactically~*~*~ (hiding).
  8158 | D:8      | 8158 ||| Stepping ~*~*~tactically~*~*~ (hiding).
  8159 | D:8      | 8159 ||| Stepping ~*~*~tactically~*~*~ (hiding).
  8160 | D:8      | 8160 ||| Stepping ~*~*~tactically~*~*~ (hiding).
  8161 | D:8      | 8161 ||| Stepping ~*~*~tactically~*~*~ (hiding).
  8165 | D:8      | 8165 ||| INVOKING Heroism.
  8189 | D:8      | 8189 ||| READING scroll of enchant weapon.
  8189 | D:8      | 8189 ||| ENCHANTING +2 war axe of venom.
  8282 | D:8      | 8282 ||| INVOKING Heroism.
  8287 | D:8      | Reached ** piety under Okawaru
  8314 | D:8      | 8314 ||| FLEEEEING.
  8315 | D:8      | 8315 ||| FLEEEEING.
  8316 | D:8      | 8316 ||| FLEEEEING.
  8317 | D:8      | 8317 ||| FLEEEEING.
  8318 | D:8      | 8318 ||| FLEEEEING.
  8319 | D:8      | 8319 ||| FLEEEEING.
  8320 | D:8      | 8320 ||| FLEEEEING.
  8321 | D:8      | 8321 ||| FLEEEEING.
  8407 | D:8      | Noticed Erica
  8408 | D:8      | 8408 ||| Stepping ~*~*~tactically~*~*~ (hiding).
  8414 | D:8      | 8414 ||| INVOKING Heroism.
  8419 | D:8      | 8419 ||| Stepping ~*~*~tactically~*~*~ (hiding).
  8425 | D:8      | Killed Erica
  8426 | D:8      | Reached XP level 10. HP: 41/63 MP: 11/13
  8538 | D:8      | 8538 ||| Stepping ~*~*~tactically~*~*~ (stealth).
  8655 | D:8      | 8655 ||| Stepping ~*~*~tactically~*~*~ (stealth).
  8874 | D:8      | 8874 ||| Stepping ~*~*~tactically~*~*~ (stealth).
  8879 | D:8      | 8879 ||| INVOKING Heroism.
  8979 | D:8      | 8979 ||| UPGRADING to +0 helmet.
  8984 | D:8      | 8984 ||| READING scroll labelled RICOYL TEATU.
  8985 | D:8      | 8985 ||| READING 4 scrolls of identify.
  8985 | D:8      | 8985 ||| IDENTIFYING ruby potion
  8986 | D:8      | 8986 ||| DROPPING potion of flight.
  9061 | D:9      | 9061 ||| Stepping ~*~*~tactically~*~*~ (hiding).
  9065 | D:9      | 9065 ||| INVOKING Heroism.
  9290 | D:9      | Reached *** piety under Okawaru
  9293 | D:9      | Reached skill level 10 in Axes
  9419 | D:9      | 9419 ||| INVOKING Heroism.
  9589 | D:9      | 9589 ||| Stepping ~*~*~tactically~*~*~ (hiding).
  9593 | D:9      | 9593 ||| INVOKING Heroism.
  9628 | D:9      | 9628 ||| Stepping ~*~*~tactically~*~*~ (stealth).
  9856 | D:9      | 9856 ||| Stepping ~*~*~tactically~*~*~ (stealth).
 10022 | D:9      | 10022 ||| Stepping ~*~*~tactically~*~*~ (hiding).
 10023 | D:9      | 10023 ||| INVOKING Heroism.
 10026 | D:9      | 10026 ||| DRINKING 6 potions of curing.
 10026 | D:9      | 10026 ||| (to cure confusion)
 10159 | D:9      | Noticed a two-headed ogre
 10160 | D:9      | 10160 ||| INVOKING Heroism.
 10163 | D:9      | Killed a two-headed ogre
 10163 | D:9      | Reached **** piety under Okawaru
 10164 | D:9      | Reached skill level 6 in Shields
 10279 | D:10     | Entered Level 10 of the Dungeon
 10287 | D:10     | 10287 ||| Stepping ~*~*~tactically~*~*~ (stealth).
 10303 | D:10     | Reached XP level 11. HP: 65/68 MP: 14/14
 10328 | D:10     | 10328 ||| INVOKING Heroism.
 10509 | D:10     | 10509 ||| Stepping ~*~*~tactically~*~*~ (stealth).
 10582 | D:10     | 10582 ||| Stepping ~*~*~tactically~*~*~ (hiding).
 10594 | D:10     | 10594 ||| Stepping ~*~*~tactically~*~*~ (hiding).
 10595 | D:10     | 10595 ||| Stepping ~*~*~tactically~*~*~ (hiding).
 10601 | D:10     | 10601 ||| INVOKING Heroism.
 10603 | D:10     | 10603 ||| DRINKING 6 potions of curing.
 10603 | D:10     | 10603 ||| (to cure confusion)
 10646 | D:10     | 10646 ||| READING scroll of enchant armour.
 10646 | D:10     | 10646 ||| ENCHANTING +0 pair of gloves.
 10657 | D:10     | 10657 ||| Stepping ~*~*~tactically~*~*~ (stealth).
 10660 | D:10     | 10660 ||| Stepping ~*~*~tactically~*~*~ (stealth).
 10665 | D:10     | 10665 ||| INVOKING Heroism.
 10831 | D:10     | Noticed a deep elf pyromancer
 10833 | D:10     | 10833 ||| Stepping ~*~*~tactically~*~*~ (hiding).
 10837 | D:10     | 10837 ||| INVOKING Heroism.
 10846 | D:10     | Reached skill level 6 in Invocations
 10846 | D:10     | Killed a deep elf pyromancer
 10918 | D:10     | Found a staircase to the Lair.
 10997 | D:10     | 10997 ||| PLANNING LAIR
 10997 | D:10     | 10997 ||| READING 6 scrolls of identify.
 10997 | D:10     | 10997 ||| IDENTIFYING clear potion
 10998 | D:10     | 10998 ||| DROPPING potion of brilliance.
 11050 | Lair:1   | Entered Level 1 of the Lair of Beasts
 11059 | Lair:1   | 11059 ||| INVOKING Heroism.
 11095 | Lair:1   | Noticed a catoblepas
 11097 | Lair:1   | 11097 ||| Stepping ~*~*~tactically~*~*~ (hiding).
 11104 | Lair:1   | 11104 ||| INVOKING Heroism.
 11109 | Lair:1   | Killed a catoblepas
 11110 | Lair:1   | Reached skill level 11 in Axes
 11167 | Lair:1   | 11167 ||| INVOKING Heroism.
 11561 | Lair:1   | 11561 ||| Stepping ~*~*~tactically~*~*~ (stealth).
 11562 | Lair:1   | 11562 ||| Stepping ~*~*~tactically~*~*~ (stealth).
 11563 | Lair:1   | 11563 ||| INVOKING Heroism.
 11574 | Lair:1   | Reached ***** piety under Okawaru
 11661 | Lair:1   | 11661 ||| INVOKING Heroism.
 11910 | Lair:1   | 11910 ||| DROPPING +6 ring of intelligence.
 11911 | Lair:1   | 11911 ||| READING 5 scrolls of identify.
 11911 | Lair:1   | 11911 ||| IDENTIFYING fizzy inky potion
 11912 | Lair:1   | 11912 ||| DROPPING potion of degeneration.
 11926 | Lair:2   | 11926 ||| INVOKING Heroism.
 11928 | Lair:2   | 11928 ||| Stepping ~*~*~tactically~*~*~ (stealth).
 11929 | Lair:2   | 11929 ||| Stepping ~*~*~tactically~*~*~ (stealth).
 11935 | Lair:2   | Noticed a boulder beetle
 11936 | Lair:2   | 11936 ||| INVOKING Finesse.
 11960 | Lair:2   | Killed a boulder beetle
 11967 | Lair:2   | 11967 ||| Stepping ~*~*~tactically~*~*~ (stealth).
 12039 | Lair:2   | 12039 ||| INVOKING Heroism.
 12048 | Lair:2   | Received a gift from Okawaru
 12049 | Lair:2   | Reached skill level 9 in Fighting
 12049 | Lair:2   | Reached skill level 9 in Invocations
 12049 | Lair:2   | Reached XP level 12. HP: 46/76 MP: 16/18
 12218 | Lair:2   | 12218 ||| Stepping ~*~*~tactically~*~*~ (stealth).
 12220 | Lair:2   | 12220 ||| INVOKING Heroism.
 12364 | Lair:2   | 12364 ||| Stepping ~*~*~tactically~*~*~ (stealth).
 12366 | Lair:2   | 12366 ||| INVOKING Heroism.
 12380 | Lair:2   | Received a gift from Okawaru
 12405 | Lair:2   | 12405 ||| INVOKING Heroism.
 12626 | Lair:2   | Found a hole to the Spider Nest.
 12925 | Lair:2   | 12925 ||| INVOKING Heroism.
 12926 | Lair:2   | 12926 ||| Stepping ~*~*~tactically~*~*~ (stealth).
 12928 | Lair:2   | 12928 ||| Stepping ~*~*~tactically~*~*~ (stealth).
 12930 | Lair:2   | 12930 ||| Stepping ~*~*~tactically~*~*~ (stealth).
 12931 | Lair:2   | 12931 ||| Stepping ~*~*~tactically~*~*~ (stealth).
 12947 | Lair:2   | Reached skill level 12 in Axes
 13231 | Lair:2   | 13231 ||| Stepping ~*~*~tactically~*~*~ (stealth).
 13232 | Lair:2   | 13232 ||| Stepping ~*~*~tactically~*~*~ (stealth).
 13234 | Lair:2   | 13234 ||| INVOKING Heroism.
 13265 | Lair:2   | 13265 ||| Stepping ~*~*~tactically~*~*~ (hiding).
 13392 | Lair:2   | Found a transporter.
 13395 | Lair:2   | Found a transporter.
 13395 | Lair:2   | Noticed Gastronok
 13395 | Lair:2   | Noticed a boulder beetle
 13395 | Lair:2   | Noticed a boulder beetle
 13504 | Lair:2   | 13504 ||| INVOKING Heroism.
 13669 | Lair:3   | 13669 ||| INVOKING Heroism.
 13677 | Lair:3   | Reached skill level 9 in Armour
 13756 | Lair:3   | Found a staircase to the Shoals.
 13778 | Lair:3   | 13778 ||| Stepping ~*~*~tactically~*~*~ (stealth).
 13780 | Lair:3   | 13780 ||| INVOKING Heroism.
 13881 | Lair:3   | Found the +3 hat of Pondering {ponderous, Will+ MP+10
                  | Int+5}
 13884 | Lair:3   | Noticed an eight-headed hydra
 13885 | Lair:3   | 13885 ||| INVOKING Heroism.
 13886 | Lair:3   | 13886 ||| INVOKING Finesse.
 13888 | Lair:3   | 13888 ||| SWAPPING to +0 morningstar.
 13892 | Lair:3   | Killed an eight-headed hydra
 13893 | Lair:3   | 13893 ||| SWAPPING to +3 war axe of venom.
 14172 | Lair:3   | 14172 ||| INVOKING Heroism.
 14693 | Lair:4   | 14693 ||| Stepping ~*~*~tactically~*~*~ (stealth).
 14695 | Lair:4   | 14695 ||| INVOKING Heroism.
 14697 | Lair:4   | 14697 ||| Stepping ~*~*~tactically~*~*~ (stealth).
 14706 | Lair:4   | Noticed a catoblepas
 14707 | Lair:4   | 14707 ||| Stepping ~*~*~tactically~*~*~ (stealth).
 14710 | Lair:4   | 14710 ||| Stepping ~*~*~tactically~*~*~ (stealth).
 14713 | Lair:4   | 14713 ||| Stepping ~*~*~tactically~*~*~ (hiding).
 14717 | Lair:4   | 14717 ||| INVOKING Finesse.
 14718 | Lair:4   | 14718 ||| STAIRDANCE
 14720 | Lair:3   | 14720 ||| INVOKING Heroism.
 14730 | Lair:3   | Killed a catoblepas
 14730 | Lair:3   | Received a gift from Okawaru
 14932 | Lair:4   | 14932 ||| Stepping ~*~*~tactically~*~*~ (stealth).
 15068 | Lair:4   | 15068 ||| INVOKING Heroism.
 15159 | Lair:4   | Received a gift from Okawaru
 15166 | Lair:4   | Reached XP level 13. HP: 80/82 MP: 20/20
 15339 | Lair:4   | 15339 ||| Stepping ~*~*~tactically~*~*~ (stealth).
 15342 | Lair:4   | 15342 ||| INVOKING Heroism.
 15351 | Lair:4   | Reached skill level 13 in Axes
 15414 | Lair:4   | 15414 ||| INVOKING Heroism.
 15415 | Lair:4   | 15415 ||| INVOKING Finesse.
 15604 | Lair:4   | 15604 ||| INVOKING Heroism.
 15605 | Lair:4   | 15605 ||| INVOKING Finesse.
 15608 | Lair:4   | 15608 ||| SWAPPING to +0 morningstar.
 15611 | Lair:4   | 15611 ||| SWAPPING to +3 war axe of venom.
 15904 | Lair:4   | 15904 ||| READING 9 scrolls of identify.
 15904 | Lair:4   | 15904 ||| IDENTIFYING smoky amethyst potion
 15905 | Lair:4   | 15905 ||| DROPPING potion of berserk rage.
 15916 | Lair:5   | Entered Level 5 of the Lair of Beasts
 15917 | Lair:5   | 15917 ||| INVOKING Heroism.
 15919 | Lair:5   | 15919 ||| STAIRDANCE
 16077 | Lair:5   | 16077 ||| STAIRDANCE
 16079 | Lair:4   | 16079 ||| INVOKING Heroism.
 16080 | Lair:4   | 16080 ||| SWAPPING to +0 morningstar.
 16082 | Lair:4   | HP: 17/82 [eight-headed hydra (6)]
 16083 | Lair:4   | 16083 ||| READING 6 scrolls of teleportation.
 16083 | Lair:4   | Slain by a black mamba

Levels and vault maps discovered:
D:1:      onia_arrival_mini_spirals, layout_basic, reono_crystal_passage,
          hex_large
D:2:      layout_basic, ebering_ecumenical_altar_box, dk_noncrumbling_4,
          nrook_mini_backslash, minmay_strange_pillars, minmay_splitting_lines
D:3:      kennysheep_goblin_castle, layout_rooms, ebering_ghost_sewer_d,
          minivault_11, dk_vineyard_1, lexackson_kobold_supper
D:4:      minmay_chambers_of_fours, layout_basic,
          gammafunk_temple_overflow_statue, elyvilon_altar_5,
          minmay_temple_entry_junction_2
D:5:      layout_cave_pods, okawaru_trees_1, uniq_blork_the_orc, uniq_ijyb
D:6:      layout_layer_cave, uniq_grinder
D:7:      layout_basic, serial_rivers, chequers_serial_rivers_micro_e,
          chequers_serial_rivers_room_b, chequers_serial_rivers_room_b,
          chequers_serial_rivers_small_b, chequers_serial_rivers_room_a,
          gammafunk_ghost_icy, grunt_ministairs_8
D:8:      layout_loops_ring, uniq_erica
D:9:      layout_basic
D:10:     layout_roguey, lair_entry_dummy
Temple:   hc_temple_tempest_star
Lair:1:   layout_gridlike
Lair:2:   gammafunk_boulding_lane, layout_cave_pods, spider_nest_entry_rubble,
          special_room [special_room_bee], grunt_megastairs_2, uniq_gastronok
Lair:3:   layout_misc_corridors, minmay_shoals_entry_lonely_mermaid,
          infiniplex_staircase_pool, serial_bayou_shore_a
Lair:4:   layout_regular_city, kennysheep_rathole
Lair:5:   wormcave, layout_loops_ring, minmay_slime_entry_pillars,
          serial_bayou_pond_d

Skill      XL: |  1  2  3  4  5  6  7  8  9 10 11 12 13 |
---------------+----------------------------------------+-----
Axes           | 2 3 4 5 6 7 8 9 10 11 12 13 | 13.4
Fighting       | 4 5 7 8 9 10 | 10.1
Dodging        | 1 2 |  2.0
Armour         | 6 7 8 9 10 | 10.1
Invocations    | 1 4 9 10 | 10.0
Shields        | 4 6 |  6.3
Throwing       | 4 |  4.8

Action                   |  1- 3 |  4- 6 |  7- 9 | 10-12 | 13-15 || total
-------------------------+-------+-------+-------+-------+-------++-------
Melee: War axe           |   108 |   154 |   262 |   517 |    71 ||  1112
       Morningstar       |       |       |       |     2 |     3 ||     5
Throw: Javelin           |       |       |       |    43 |     8 ||    51
Invok: Heroism           |       |       |     9 |    30 |     5 ||    44
       Finesse           |       |       |       |     3 |     2 ||     5
  Use: Scroll            |     4 |     4 |    12 |     5 |     2 ||    27
       Potion            |     1 |     3 |     1 |     2 |       ||     7
Armor: Scale mail        |    69 |    31 |       |       |       ||   100
       Chain mail        |       |    33 |    18 |       |       ||    51
       Plate armour      |       |       |    80 |   246 |    67 ||   393
Dodge: Dodged            |    65 |    85 |   112 |   194 |    47 ||   503
Block: Buckler           |    21 |    31 |    46 |    87 |    28 ||   213

Table legend:
 A = Non-vault XP
 B = Vault XP
 C = Vault XP percentage of total XP
 D = Non-vault monster count
 E = Vault monster count
 F = Vault count percentage of total count
                 A         B        C        D         E       F
            +---------+---------+-------+---------+---------+-------
      Total |   33319 |    6289 |  15.9 |     291 |      71 |  19.6
            +---------+---------+-------+---------+---------+-------
        D:1 |      24 |       0 |   0.0 |      16 |       0 |   0.0
        D:2 |      35 |       0 |   0.0 |      12 |       0 |   0.0
        D:3 |     138 |      66 |  32.4 |      10 |      20 |  66.7
        D:4 |     534 |     204 |  27.6 |      24 |       6 |  20.0
        D:5 |     437 |      94 |  17.7 |      12 |       1 |   7.7
        D:6 |     908 |     295 |  24.5 |      23 |       1 |   4.2
        D:7 |     703 |     113 |  13.8 |      19 |       2 |   9.5
        D:8 |    1130 |     823 |  42.1 |      42 |       1 |   2.3
        D:9 |    3183 |       0 |   0.0 |      33 |       0 |   0.0
       D:10 |    3433 |       0 |   0.0 |      29 |       0 |   0.0
     Lair:1 |    3878 |       0 |   0.0 |      12 |       0 |   0.0
     Lair:2 |    4978 |    4067 |  45.0 |      22 |      30 |  57.7
     Lair:3 |    4396 |     481 |   9.9 |      18 |       1 |   5.3
     Lair:4 |    9542 |     146 |   1.5 |      19 |       9 |  32.1
            +---------+---------+-------+---------+---------+-------
